 Dungeon Crawl Stone Soup version 0.23.0 (webtiles) character file.

Game seed: 2175773603375883695

194810 Trogdor the Unseen (level 19, -3/112 HPs)
             Began as a Kobold Berserker on Feb 15, 2019.
             Was a High Priest of Trog.
             Hit by a large rock thrown by Polyphemus (31 damage)
             ... on level 2 of the Shoals on Feb 16, 2019.
             The game lasted 03:59:37 (45518 turns).

Trogdor the Unseen (Kobold Berserker)              Turns: 45518, Time: 04:00:07

Health: -3/112     AC: 27    Str: 22    XL:     19   Next: 1%
Magic:  8/8        EV: 25    Int: 11    God:    Trog [*****.]
Gold:   1402       SH:  7    Dex: 18    Spells: 18/18 levels left

rFire    x . .     SeeInvis .   D - +9 quick blade (antimagic)
rCold    . . .     Gourm    .   e - +0 buckler
rNeg     . . .     Faith    .   m - +0 chain mail of the Battered Mice {rF- MR++ Int+3}
rPois    +         Spirit   .   U - +1 hat of Idealism {rPois Str+6 Int-3 Stlth+}
rElec    .         Reflect  .   A - +1 cloak
rCorr    .         Harm     .   r - +2 pair of gloves
MR       +++++                  k - +2 pair of boots {Fly}
Stlth    +++++.....             v - amulet "Biworph" {Acrobat rPois}
HPRegen  1.28/turn              Z - +3 ring of protection
MPRegen  0.11/turn              q - +2 ring of protection

@: flying, regenerating
A: small, repulsion field 1, carnivore, frail 1, magic resistance 1, screaming 1
}: 1/15 runes: gossamer
a: Berserk, Trog's Hand, Brothers in Arms, Renounce Religion, Stop Flying


You were on level 2 of the Shoals.
You worshipped Trog.
Trog was extremely pleased with you.
You were completely stuffed.

You visited 5 branches of the dungeon, and saw 26 of its levels.
You also visited: Gauntlet.

You collected 2675 gold pieces.
You spent 1273 gold pieces at shops.

Inventory:

Hand Weapons
 D - a +9 antimagic quick blade (weapon)
 G - the +4 dagger of Wyred {pierce, rC- MR+ Str+2 Stlth+}
   (You bought it in a shop on level 6 of the Dungeon)

   It inflicts extra damage upon your enemies.
   It affects your strength (+2).
   It makes you vulnerable to cold.
   It affects your resistance to hostile enchantments.
   It makes you more stealthy.
 N - the +10 dagger of Massacring {protect, *Contam rPois rN++ Int+4}
   (Trog gifted it to you on level 6 of the Lair of Beasts)

   It protects the one who uses it against injury (+AC on strike).
   It affects your intelligence (+4).
   It protects you from poison.
   It greatly protects you from negative energy.
   It causes magical contamination when unequipped.
Armour
 e - a +0 buckler (worn)
 k - a +2 pair of boots of flying (worn)
 m - the +0 chain mail of the Battered Mice (worn) {rF- MR++ Int+3}
   (You bought it in a shop on level 2 of the Orcish Mines)

   It affects your intelligence (+3).
   It makes you vulnerable to fire.
   It affects your resistance to hostile enchantments.
 p - a scarf of spirit shield
 r - a +2 pair of gloves (worn)
 t - a +0 leather armour of fire resistance
 A - a +1 cloak (worn)
 E - a +3 plate armour of poison resistance
 P - the +5 ring mail of the Dozen Scars {rPois rC- Str+3}
   (You found it on level 11 of the Dungeon)

   It affects your strength (+3).
   It makes you vulnerable to cold.
   It protects you from poison.
 Q - the +3 scale mail of Charity {Dex+3}
   (You found it on level 1 of the Spider Nest)

   It affects your dexterity (+3).
 U - the +1 hat of Idealism (worn) {rPois Str+6 Int-3 Stlth+}
   (You found it in a Gauntlet)

   It affects your strength (+6).
   It affects your intelligence (-3).
   It protects you from poison.
   It makes you more stealthy.
 W - the +1 leather armour of the Bells {rElec rPois}
   (You found it in a Gauntlet)

   It insulates you from electricity.
   It protects you from poison.
Jewellery
 a - the amulet "Abolesupp" {Reflect *Drain Int+4 Dex+4 SH+3}
   (You found it on level 4 of the Lair of Beasts)

   [amulet of reflection]

   It shields you and reflects attacks.
   It affects your intelligence (+4).
   It affects your dexterity (+4).
   It causes draining when unequipped.
   It affects your SH (+3).
 i - an uncursed ring of protection from fire
 q - a +2 ring of protection (right hand)
 v - the amulet "Biworph" (around neck) {Acrobat rPois}
   (You found it on level 3 of the Spider Nest)

   [amulet of the acrobat]

   It helps you evade while moving and waiting.
   It protects you from poison.
 S - the amulet of the Fool {Faith MR+}
   (You found it in a Gauntlet)

   [amulet of faith]

   It allows you to gain divine favour quickly.
   It affects your resistance to hostile enchantments.
 V - an uncursed ring of see invisible
 Y - the amulet of Iwivan {Reflect Str+4 SH+2}
   (You found it on level 6 of the Lair of Beasts)

   [amulet of reflection]

   It shields you and reflects attacks.
   It affects your strength (+4).
   It affects your SH (+2).
 Z - a +3 ring of protection (left hand)
Wands
 x - a wand of flame (25)
 H - a wand of iceblast (11)
 K - a wand of disintegration (10)
 M - a wand of digging (2)
 O - a wand of acid (6)
Scrolls
 b - 2 scrolls of enchant armour
 d - 2 scrolls of summoning
 f - 6 scrolls of teleportation
 l - 9 scrolls of remove curse
 o - 6 scrolls of enchant weapon
 s - 3 scrolls of fog
 w - a scroll of identify
 I - 2 scrolls of magic mapping
 L - a scroll of blinking
Potions
 g - 3 potions of resistance
 h - 7 potions of might
 j - 2 potions of heal wounds
 n - 3 potions of agility
 z - a potion of cancellation
 B - 10 potions of curing
 C - 2 potions of invisibility
 F - 5 potions of haste
 J - 6 potions of ambrosia
 T - a potion of mutation
Miscellaneous
 u - a lamp of fire
 y - a sack of spiders
 X - a fan of gales
Comestibles
 c - 46 rations
 R - 2 chunks of flesh


   Skills:
 + Level 16.2 Fighting
 + Level 17.9 Short Blades
 + Level 10.2 Armour
 + Level 17.7 Dodging
 + Level 18.4 Stealth
 - Level 5.6 Shields
 + Level 7.0 Evocations


You had 18 spell levels left.
You didn't know any spells.
Your spell library was empty.

Dungeon Overview and Level Annotations

Branches:
Dungeon (12/15)            Temple (0/1) D:6            Lair (6/6) D:11
 Shoals (2/4) Lair:3       Spider (4/4) Lair:4        Slime (0/5) Lair:5
    Orc (2/2) D:12            Elf (0/3) Orc:2

Altars:
Gozag
Kikubaaqudgha
Ru
Trog
Xom
Beogh

Shops:
D:5 =}(   D:6 (   D:7 !   Orc:2 [?:*   Shoals:1 [

Annotations:
Shoals:2 Polyphemus


Innate Abilities, Weirdness & Mutations

You are small and have problems with some larger weapons.
You are carnivorous and can eat meat at any time.
You are surrounded by a mild repulsion field. (EV +2)
You are frail. (-10% HP)
You are resistant to hostile enchantments. (MR+)
You occasionally shout uncontrollably at your foes.


Message History

The water nymph casts a spell at you. The water rises up and strikes you!
You hit the catoblepas but do no damage.
The catoblepas is lightly wounded.
You hit the catoblepas.
The catoblepas is lightly wounded.
Polyphemus throws a large rock.
The large rock hits you!!
You hear a splash.
The catoblepas gores you but does no damage.
The water nymph points at you and mumbles some strange words.
The water rises up and strikes you!
* * * LOW HITPOINT WARNING * * *
Polyphemus throws the death yak at you!
Your skin crawls.
You feel resistant to hostile enchantments.
You feel somewhat less full.
The death yak is engulfed in calcifying dust.
The death yak is moving more slowly.
The death yak misses you.
Polyphemus throws a large rock.
The large rock hits you!!
You die...

≈≈≈≈...####..≈....≈≈≈≈≈....≈≈).≈≈
.≈≈≈≈... ##..≈≈..≈≈≈≈≈...≈≈≈≈≈≈≈≈
≈≈≈≈≈≈...#...≈≈≈≈≈≈≈≈≈....≈(..≈≈≈
≈≈≈≈≈≈........C≈≈≈.≈≈≈≈...≈≈.≈..P
≈≈...≈........≈≈≈≈≈≈....#.....###
≈≈..≈≈≈.≈≈≈≈≈≈≈≈≈≈≈≈≈.!.##....###
.≈≈≈≈≈≈≈≈≈§§≈≈≈≈≈≈...........
.≈≈≈≈≈≈(≈mY≈§≈≈≈≈≈≈......≈≈≈≈
≈≈≈≈.≈≈≈≈≈§≈@Y≈.≈≈≈≈≈..≈.≈≈P.
≈≈≈≈≈≈≈≈≈≈≈≈≈≈§≈..≈≈≈≈≈≈≈≈≈≈.
≈≈≈≈≈≈≈≈≈≈≈≈≈≈≈§...≈≈≈≈≈≈≈≈≈P
≈≈≈≈≈≈≈≈≈≈≈≈≈≈≈≈§≈≈≈≈≈≈≈≈≈≈≈≈
≈≈≈≈≈≈≈≈≈≈≈≈≈≈≈≈≈≈≈≈≈≈≈≈≈≈≈≈
≈≈≈≈≈≈≈≈≈≈≈≈≈≈≈≈≈≈≈≈≈≈≈≈≈≈≈
≈≈≈≈≈≈≈≈≈≈≈≈≈≈≈≈≈≈≈≈≈≈≈≈≈≈
≈≈≈≈≈≈≈≈≈≈≈≈≈≈≈≈≈≈≈≈≈≈≈≈
≈≈≈≈≈≈≈≈≈


You could see Polyphemus, a death yak (petrifying), a catoblepas and a water
nymph.

Vanquished Creatures
  Rupert (D:12)
  The ghost of DrEnzyme the Executioner, an adept MiWn of Makhleb (Spider:4)
  Kirke (Lair:6)
  6 ghost moths
  The ghost of Bolleh the Thaumaturge, a journeyman GnSk of Makhleb (Spider:3)
  9 emperor scorpions
  3 orc warlords
  4 entropy weavers
  A minotaur (Gauntlet)
  A merfolk javelineer (Shoals:1)
  Josephine (Lair:6)
  4 hydras
  3 catoblepae (Lair:6)
  An alligator snapping turtle (Shoals:2)
  6 two-headed ogres
  A merfolk avatar (Shoals:2)
  13 death yaks
  A queen ant (Lair:3)
  4 orc high priests (Orc:2)
  A wretched star (Gauntlet)
  10 sea snakes
  3 orc knights (Orc:2)
  35 orb spiders
  2 ugly things (D:12)
  5 orc sorcerers
  13 fauns
  37 wolf spiders
  A cyclops (D:12)
  7 manticores
  2 moths of wrath
  7 black mambas
  An apocalypse crab (Gauntlet)
  A water nymph (Shoals:1)
  5 merfolk sirens
  4 torpor snails
  12 spiny frogs
  20 demonic crawlers
  11 komodo dragons
  8 merfolk
  7 trolls
  A queen bee (Lair:1)
  The ghost of retro the Ducker, a novice SpSu (D:6)
  5 blink frogs (Lair:3)
  47 jumping spiders
  3 polar bears
  A wind drake (Shoals:1)
  6 hornets
  8 dream sheep
  2 snapping turtles
  7 hippogriffs
  4 centaur simulacra
  41 tarantellas
  53 redbacks
  2 wyverns
  55 yaks
  A steam dragon (D:9)
  Eustachio (D:6)
  Grum (D:11)
  5 hogs
  A human (D:7)
  2 hungry ghosts
  3 wraiths (Lair:6)
  2 neqoxecs (Gauntlet)
  A basilisk (Lair:6)
  Edmund (D:6)
  5 wargs
  3 soldier ants
  Duvessa (D:5)
  4 porcupines
  14 water moccasins
  A swamp drake (D:11)
  42 orc warriors
  4 ice beasts
  3 phantoms
  A necrophage (D:5)
  2 black bears
  4 sky beasts
  15 ogres
  8 wolves
  6 centaurs
  16 crocodiles
  2 big kobolds
  Blork the orc (D:6)
  12 bullfrogs
  Dowan (D:5)
  7 gnoll sergeants
  A spiny frog simulacrum (Gauntlet)
  8 scorpions
  35 killer bees
  7 howler monkeys
  4 electric eels
  2 centaur zombies
  8 crimson imps
  2 bullfrog zombies
  3 quasits
  2 centaur skeletons
  10 hounds
  6 jellies
  25 orc priests
  A bullfrog skeleton (D:5)
  Jessica (D:3)
  6 iguanas
  23 worker ants
  22 orc wizards
  A hound zombie (D:6)
  A hound skeleton (D:6)
  A worker ant zombie (D:8)
  16 gnolls
  12 adders
  4 shadow imps
  An ooze (D:3)
  An adder skeleton (D:9)
  6 worms
  10 leopard geckos
  106 orcs
  2 ball pythons (D:2)
  7 bats
  4 giant cockroaches
  6 goblins
  10 hobgoblins
  9 jackals
  15 kobolds
  9 quokkas
  4 frilled lizards
  A leopard gecko skeleton (D:7)
  A leopard gecko zombie (D:6)
  A quokka skeleton (D:4)
  9 rats
1063 creatures vanquished.

Vanquished Creatures (collateral kills)
  Arachne (Spider:3)
  Agnes (Spider:1)
  3 death yaks (Lair:3)
  A two-headed ogre (D:9)
  An orc knight (Orc:2)
  4 oklob plants (Lair:5)
  2 jumping spiders
  A hornet (Spider:1)
  A yak (Lair:3)
  A tarantella (Spider:1)
  2 orc priests (Orc:2)
  A worker ant (D:6)
  An orc (Orc:2)
20 creatures vanquished.

Vanquished Creatures (others)
  A ghost moth (Spider:4)
  3 jumping spiders (Spider:4)
  2 hornets (Spider:4)
  3 humans (Lair:6)
  An orc warrior (Orc:2)
  A centaur (D:6)
  An orc priest (Orc:2)
  A leopard gecko (D:6)
  3 orcs
  A ball python (D:6)
  A bush (Lair:4)
  4 fungi
  7 plants
  7 tentacles (Shoals:2)
36 creatures vanquished.

Grand Total: 1119 creatures vanquished

Notes
Turn   | Place    | Note
-------+----------+-------------------------------------------
     0 | D:1      | Trogdor the Kobold Berserker began the quest for the Orb.
     0 | D:1      | Reached XP level 1. HP: 14/14 MP: 1/1
    97 | D:1      | Reached XP level 2. HP: 15/19 MP: 2/2
   482 | D:1      | Reached skill level 5 in Short Blades
   596 | D:1      | Reached XP level 3. HP: 21/23 MP: 3/3
  1434 | D:2      | Reached ** piety under Trog
  1504 | D:2      | Reached skill level 1 in Stealth
  1504 | D:2      | Reached XP level 4. HP: 19/28 MP: 4/4
  2107 | D:2      | Reached skill level 2 in Stealth
  2125 | D:2      | Reached XP level 5. HP: 30/32 MP: 5/5
  3126 | D:3      | Reached skill level 3 in Stealth
  3316 | D:3      | Noticed Jessica
  3592 | D:3      | Reached XP level 6. HP: 34/37 MP: 6/6
  4424 | D:3      | Killed Jessica
  4424 | D:3      | Reached skill level 4 in Stealth
  4463 | D:4      | Reached *** piety under Trog
  4732 | D:4      | Reached XP level 7. HP: 33/41 MP: 7/7
  4753 | D:4      | Reached skill level 5 in Stealth
  5298 | D:5      | Entered Level 5 of the Dungeon
  5350 | D:5      | Reached skill level 6 in Stealth
  5539 | D:5      | Reached XP level 8. HP: 40/46 MP: 8/8
  5605 | D:5      | Found Fyclo's Gadget Shoppe.
  5606 | D:5      | Found Aplus's Antique Weapon Emporium.
  5625 | D:5      | Gained mutation: You are surrounded by a mild repulsion
                  | field. (EV +2) [potion of mutation]
  5625 | D:5      | Gained mutation: You are frail. (-10% HP) [potion of
                  | mutation]
  5625 | D:5      | Gained mutation: You are resistant to hostile enchantments.
                  | (MR+) [potion of mutation]
  5674 | D:5      | Noticed Duvessa
  5674 | D:5      | Noticed Dowan
  5688 | D:5      | Found Gebariff's Jewellery Shop.
  5806 | D:5      | Bought a +2 ring of protection for 120 gold pieces
  5832 | D:5      | Reached skill level 7 in Stealth
  5855 | D:5      | Reached skill level 10 in Short Blades
  6627 | D:5      | Killed Duvessa
  6627 | D:5      | Reached skill level 8 in Stealth
  6660 | D:5      | Killed Dowan
  6802 | D:6      | Found a shimmering altar of Xom.
  6978 | D:5      | Reached XP level 9. HP: 37/46 MP: 9/9
  7095 | D:6      | Found Fitroth's Antique Weapon Shop.
  7150 | D:6      | Noticed Edmund
  7182 | D:6      | Killed Edmund
  7278 | D:6      | Reached skill level 5 in Dodging
  7278 | D:6      | Reached skill level 9 in Stealth
  7500 | D:6      | Noticed Blork the orc
  7518 | D:6      | Killed Blork the orc
  7632 | D:6      | Bought an ancient dagger for 154 gold pieces
  7632 | D:6      | Identified the +4 dagger of Wyred {pierce, rC- MR+ Str+2
                  | Stlth+} (You bought it in a shop on level 6 of the Dungeon)
  7698 | D:6      | Found a staircase to the Ecumenical Temple.
  7815 | D:6      | Noticed Eustachio
  7822 | D:6      | Killed Eustachio
  7822 | D:6      | Reached **** piety under Trog
  7822 | D:6      | Reached skill level 5 in Fighting
  7906 | D:6      | Found a runed translucent gate.
  7907 | D:6      | Found a runed translucent gate.
  7907 | D:6      | Found an opulent altar of Gozag.
  7908 | D:6      | Found a runed translucent gate.
  7909 | D:6      | Noticed a manticore
  7910 | D:6      | Noticed retro's ghost (novice SpSu)
  8362 | D:7      | Found Neagyis's Distillery.
  8380 | D:7      | Found a sacrificial altar of Ru.
  8593 | D:7      | Reached skill level 10 in Stealth
  8698 | D:7      | Reached XP level 10. HP: 42/54 MP: 10/10
  9235 | D:8      | Found a bloodstained altar of Trog.
 10180 | D:9      | Reached skill level 10 in Dodging
 10261 | D:9      | Noticed a two-headed ogre
 10283 | D:9      | Killed a two-headed ogre
 10489 | D:9      | Reached skill level 11 in Stealth
 10489 | D:9      | Reached XP level 11. HP: 60/60 MP: 11/11
 10744 | D:9      | Reached ***** piety under Trog
 11274 | D:6      | Killed a manticore
 11285 | D:6      | Killed retro's ghost
 11285 | D:6      | Reached skill level 12 in Stealth
 11557 | D:10     | Entered Level 10 of the Dungeon
 11872 | D:10     | You fall through a shaft for 2 floors!
 11873 | D:12     | Noticed a two-headed ogre
 11875 | D:12     | Killed a two-headed ogre
 11902 | D:12     | Noticed Rupert
 11928 | D:12     | Noticed a two-headed ogre
 11988 | D:11     | Noticed an eight-headed hydra
 11995 | D:11     | Killed an eight-headed hydra
 12004 | D:11     | Noticed a two-headed ogre
 12065 | D:10     | Noticed a two-headed ogre
 12077 | D:10     | Killed a two-headed ogre
 12170 | D:10     | Reached skill level 13 in Stealth
 12470 | D:11     | Killed a two-headed ogre
 12593 | D:11     | Reached XP level 12. HP: 67/67 MP: 12/12
 12628 | D:11     | Got a bronze ring mail
 12629 | D:11     | Identified the +5 ring mail of the Dozen Scars {rPois rC-
                  | Str+3} (You found it on level 11 of the Dungeon)
 12647 | D:11     | Noticed Grum
 12677 | D:11     | Killed Grum
 12688 | D:11     | Noticed a seven-headed hydra
 13048 | D:11     | Killed a seven-headed hydra
 13048 | D:11     | Reached skill level 14 in Stealth
 13451 | D:11     | Found a staircase to the Lair.
 14020 | Lair:1   | Entered Level 1 of the Lair of Beasts
 14020 | Lair:1   | Noticed a seven-headed hydra
 14024 | Lair:1   | Killed a seven-headed hydra
 14049 | Lair:1   | Found a gate leading to a gauntlet.
 14078 | Gauntlet | Entered a Gauntlet
 14078 | Gauntlet | Found a transporter.
 14078 | Gauntlet | Found a transporter.
 14082 | Gauntlet | Found a transporter.
 14084 | Gauntlet | Found a transporter.
 14087 | Gauntlet | Noticed a death yak
 14088 | Gauntlet | Noticed a death yak
 14090 | Gauntlet | Noticed a death yak
 14091 | Gauntlet | Found a transporter.
 14091 | Gauntlet | Found a transporter.
 14091 | Gauntlet | Noticed a death yak
 14092 | Gauntlet | Found a transporter.
 14093 | Gauntlet | Found a transporter.
 14093 | Gauntlet | Noticed a wretched star
 14096 | Gauntlet | Found a transporter.
 14097 | Gauntlet | Found a transporter.
 14105 | Gauntlet | Noticed a blizzard demon
 14106 | Gauntlet | Found a transporter.
 14222 | Gauntlet | Found a transporter.
 14441 | Gauntlet | Killed a wretched star
 14484 | Gauntlet | Got a scorched pewter amulet
 14486 | Gauntlet | Identified the amulet of the Fool {Faith MR+} (You found it
                  | in a Gauntlet)
 14761 | Gauntlet | Got a steaming hat
 14772 | Gauntlet | Identified the +1 hat of Idealism {rPois Str+6 Int-3
                  | Stlth+} (You found it in a Gauntlet)
 14829 | Gauntlet | Noticed a minotaur
 14864 | Gauntlet | Killed a minotaur
 14864 | Gauntlet | Reached skill level 15 in Stealth
 14871 | Gauntlet | Got a brightly glowing leather armour
 15099 | Gauntlet | Identified the cursed +1 leather armour of the Bells {rElec
                  | rPois} (You found it in a Gauntlet)
 15739 | Lair:1   | Reached XP level 13. HP: 72/72 MP: 13/13
 15922 | Lair:1   | Reached skill level 5 in Armour
 16747 | Lair:2   | Found an ancient bone altar of Kikubaaqudgha.
 17622 | Lair:3   | Reached skill level 16 in Stealth
 18104 | Lair:3   | You fall through a shaft for 2 floors!
 18189 | Lair:5   | Received a gift from Trog
 18430 | Lair:4   | Reached skill level 10 in Fighting
 18751 | Lair:4   | Got a pitted pewter amulet
 18752 | Lair:4   | Identified the amulet "Abolesupp" {Reflect *Drain Int+4
                  | Dex+4 SH+3} (You found it on level 4 of the Lair of Beasts)
 18869 | Lair:3   | Found a staircase to the Shoals.
 19700 | Lair:4   | Got a slimy ring mail
 19725 | Lair:4   | Identified the +5 ring mail of Resourcefulness {*Corrode
                  | rPois rN+} (You found it on level 4 of the Lair of Beasts)
 19787 | Lair:4   | Reached XP level 14. HP: 79/79 MP: 4/14
 19838 | Lair:4   | Found a hole to the Spider Nest.
 20487 | Lair:5   | Reached skill level 17 in Stealth
 21018 | Lair:5   | Found a staircase to the Slime Pits.
 21094 | Lair:5   | Received a gift from Trog
 22028 | Lair:6   | Entered Level 6 of the Lair of Beasts
 22052 | Lair:6   | Noticed Josephine
 22058 | Lair:6   | Killed Josephine
 22139 | Lair:6   | Reached skill level 18 in Stealth
 22273 | Lair:6   | Noticed Kirke
 22330 | Lair:6   | Killed Kirke
 22691 | Lair:6   | Reached skill level 1 in Evocations
 22745 | Lair:6   | Received a gift from Trog
 22803 | Lair:6   | Got an iridescent dagger {god gift}
 22804 | Lair:6   | Identified the +10 dagger of Massacring {protect, *Contam
                  | rPois rN++ Int+4} (Trog gifted it to you on level 6 of the
                  | Lair of Beasts)
 22808 | Lair:6   | Gained mutation: You occasionally shout uncontrollably at
                  | your foes. [mutagenic glow]
 22959 | Lair:6   | Reached XP level 15. HP: 72/86 MP: 5/15
 24289 | Lair:6   | Got a sparkling lead amulet
 24751 | D:12     | Reached skill level 15 in Dodging
 24904 | D:12     | Killed Rupert
 25061 | D:12     | Identified the amulet of Iwivan {Reflect Str+4 SH+2} (You
                  | found it on level 6 of the Lair of Beasts)
 25127 | D:12     | Found a staircase to the Orcish Mines.
 25530 | Orc:1    | Entered Level 1 of the Orcish Mines
 25530 | Orc:1    | Noticed an orc warlord
 25588 | D:12     | Killed an orc warlord
 25720 | D:12     | Reached skill level 1 in Shields
 25767 | Orc:1    | Reached skill level 15 in Short Blades
 26023 | Orc:2    | Entered Level 2 of the Orcish Mines
 26365 | Orc:1    | Found a shimmering altar of Xom.
 26371 | Orc:1    | You fall through a shaft!
 26585 | Orc:2    | Found a roughly hewn altar of Beogh.
 26986 | Orc:2    | Identified the +0 robe "Zouqutal" {rF+} (You found it on
                  | level 2 of the Orcish Mines)
 27341 | Orc:2    | Found a staircase to the Elven Halls.
 27554 | Orc:1    | Received a gift from Trog
 27828 | Orc:2    | Noticed an orc warlord
 28094 | Orc:2    | Killed an orc warlord
 28094 | Orc:2    | Reached XP level 16. HP: 93/93 MP: 5/16
 28148 | Orc:2    | Found a roughly hewn altar of Beogh.
 28510 | Orc:2    | Found Japtoyv's Antique Armour Shop.
 28558 | Orc:2    | Bought a pair of runed boots for 157 gold pieces
 28558 | Orc:2    | Bought a translucent chain mail for 199 gold pieces
 28638 | Orc:2    | Identified the cursed +0 chain mail of the Battered Mice
                  | {rF- MR++ Int+3} (You bought it in a shop on level 2 of the
                  | Orcish Mines)
 28649 | Orc:2    | Bought a glowing plate armour for 546 gold pieces
 28746 | Orc:2    | Found Imexe's Magic Scroll Emporium.
 28953 | Orc:2    | Bought a scroll of blinking for 97 gold pieces
 29032 | Orc:2    | Found Wycemyxuid's Assorted Antiques.
 29066 | Orc:2    | Found Kahal's Book Boutique.
 29775 | Spider:1 | Entered Level 1 of the Spider Nest
 31141 | Spider:1 | Received a gift from Trog
 31556 | Spider:1 | Got a crude scale mail
 31567 | Spider:1 | Identified the +3 scale mail of Charity {Dex+3} (You found
                  | it on level 1 of the Spider Nest)
 31983 | Spider:1 | Noticed Agnes
 32447 | Spider:1 | Killed Agnes
 33008 | Spider:2 | Reached skill level 5 in Shields
 34301 | Spider:2 | Reached XP level 17. HP: 93/99 MP: 5/17
 36513 | Spider:3 | Found a runed translucent door.
 36513 | Spider:3 | Noticed Bolleh's ghost (journeyman GnSk)
 36617 | Spider:3 | Killed Bolleh's ghost
 36617 | Spider:3 | Reached skill level 15 in Fighting
 36643 | Spider:3 | Got a slimy emerald amulet
 36645 | Spider:3 | Identified the amulet "Biworph" {Acrobat rPois} (You found
                  | it on level 3 of the Spider Nest)
 37097 | Spider:4 | Entered Level 4 of the Spider Nest
 37272 | Spider:4 | Received a gift from Trog
 37950 | Spider:4 | Found a large runed translucent door.
 37951 | Spider:4 | Found a large runed translucent door.
 38332 | Spider:4 | Noticed DrEnzyme's ghost (adept MiWn)
 38804 | Spider:4 | Noticed Arachne
 39518 | Spider:3 | Killed Arachne
 39550 | Spider:3 | Reached XP level 18. HP: 107/107 MP: 0/21
 41059 | Spider:4 | Reached skill level 5 in Evocations
 41717 | Spider:4 | Killed DrEnzyme's ghost
 42680 | Spider:4 | Received a gift from Trog
 43035 | Spider:4 | Got a gossamer rune of Zot
 43254 | Shoals:1 | Entered Level 1 of the Shoals
 43773 | Shoals:1 | Found Etisaw's Armour Boutique.
 44633 | Shoals:2 | Reached skill level 10 in Armour
 44986 | Shoals:2 | Noticed a kraken
 45319 | Shoals:2 | Received a gift from Trog
 45486 | Shoals:2 | Noticed Polyphemus
 45495 | Shoals:2 | Reached XP level 19. HP: 101/112 MP: 8/24
 45518 | Shoals:2 | Hit by a large rock thrown by Polyphemus

Skill      XL: |  1  2  3  4  5  6  7  8  9 10 11 12 13 14 15 16 17 18 |
---------------+-------------------------------------------------------+-----
Short Blades   | 5 6 7 8 9 10 11 12 13 14 15 16 17 | 17.9
Stealth        | 1 2 3 4 6 8 10 11 13 15 16 18 | 18.4
Armour         | 3 4 6 7 8 9 10 | 10.2
Dodging        | 4 7 10 12 13 14 15 16 17 | 17.7
Fighting       | 4 5 7 8 9 10 11 13 14 15 16 | 16.2
Evocations     | 1 4 7 |  7.0
Shields        | 2 5 |  5.6

Action                   |  1- 3 |  4- 6 |  7- 9 | 10-12 | 13-15 | 16-18 | 19-21 || total
-------------------------+-------+-------+-------+-------+-------+-------+-------++-------
Melee: Short sword       |    44 |       |       |       |       |       |       ||    44
       Dagger            |    46 |   246 |   484 |   980 |   246 |       |       ||  2002
       Quick blade       |       |       |       |       |  1908 |  3113 |     6 ||  5027
Invok: Berserk           |     1 |       |     6 |     8 |     6 |     6 |       ||    27
       Trog's Hand       |       |       |     3 |     3 |     5 |     8 |     1 ||    20
       Brothers in Arms  |       |       |       |     4 |     4 |     8 |       ||    16
Evoke: Wand              |       |       |       |       |     2 |       |       ||     2
       Fan of gales      |       |       |       |       |       |     1 |       ||     1
       Lamp of fire      |       |       |       |       |       |     1 |       ||     1
  Use: Scroll            |     1 |     2 |     7 |    12 |    22 |     8 |       ||    52
       Potion            |     1 |       |     2 |       |     2 |     4 |       ||     9
 Stab: Sleeping          |     4 |     5 |     8 |    53 |    64 |    19 |       ||   153
       Distracted        |       |     1 |     5 |     2 |     3 |     8 |       ||    19
       Paralysed         |       |       |     1 |       |       |       |       ||     1
       Petrifying        |       |       |       |       |     4 |     1 |       ||     5
       Petrified         |       |       |       |       |     1 |     1 |     1 ||     3
       Held in net/web   |       |       |       |       |       |     7 |       ||     7
  Eat: Chunk             |    11 |    10 |    18 |    35 |    54 |    40 |       ||   168
       Ration            |       |       |       |       |     1 |    15 |       ||    16
Armor: Animal skin       |    16 |     3 |       |       |       |       |       ||    19
       Leather armour    |       |    26 |    27 |       |       |       |       ||    53
       Robe              |       |       |    27 |    48 |       |       |       ||    75
       Ring mail         |       |       |       |    52 |   178 |    65 |       ||   295
       Skin              |       |       |       |     1 |       |       |       ||     1
       Scale mail        |       |       |       |       |       |   382 |       ||   382
       Chain mail        |       |       |       |       |       |    52 |     5 ||    57
Dodge: Dodged            |    52 |   123 |   254 |   574 |   950 |  2531 |     3 ||  4487
Block: Buckler           |       |       |       |       |       |   697 |     2 ||   699
